 Dungeon Crawl Stone Soup version 0.31.0-11-ge490571c62 (webtiles) character file.

Game seed: 16924689178893490140

90335 sanka the Warrior (level 15, -11/141 HPs)
             Began as a Minotaur Fighter on Feb 1, 2024.
             Was an Elder of the Shining One.
             Mangled by a juggernaut (48 damage)
             ... on level 2 of the Depths.
             The game lasted 00:54:40 (21359 turns).

sanka the Warrior (Minotaur Fighter)               Turns: 21359, Time: 00:54:41

Health: -11/141    AC: 26    Str: 27    XL:     15   Next: 51%
Magic:  20/23      EV: 19    Int: 10    God:    the Shining One [****..]
Gold:   1749       SH: 19    Dex: 18    Spells: 14/14 levels left

rFire   + . .        a - +1 flail (heavy)
rCold   + + .        Q - +0 kite shield {rC+ rF+}
rNeg    + + .        L - +2 plate armour {rC+}
rPois   .            (helmet restricted)
rElec   .            h - +1 cloak
rCorr   +            s - +0 pair of gloves
SInv    .            W - +2 pair of boots "Wyaxygao" {Will+ Int+5 Dex-4}
Will    ++...        C - amulet of reflection Stlth
                     z - ring "Leudgh" {^Drain rCorr Str+4 Dex+7}
HPRegen 0.43/turn    A - +5 ring of evasion
MPRegen 0.18/turn

%: reflection
@: glowing, studying Shields
A: horns 2, retaliatory headbutt
a: Renounce Religion, Divine Shield, Cleansing Flame


You were on level 2 of the Depths.
You worshipped the Shining One.
The Shining One was greatly pleased with you.
You visited 3 branches of the dungeon, and saw 18 of its levels.
You also visited: Sewer, Bailey and Gauntlet.

You collected 1944 gold pieces.
You spent 195 gold pieces at shops.


Innate Abilities, Weirdness & Mutations

You have a pair of horns on your head.
You reflexively headbutt those who attack you in melee.


   Skills:
 - Level 15.0 Fighting
 - Level 12.0 Maces & Flails
 - Level 15.0 Armour
 + Level 12.9 Dodging
 - Level 15.0 Shields
 - Level 12.0 Invocations


You had 14 spell levels left.
You didn't know any spells.
Your spell library contained the following spells:

 Spells                   Type           Power      Damage    Failure   Level
 Necrotise                Necr           0%         1d4       98%         1
 Cigotuvi's Dreadful Rot  Necr/Alch/Air  0%         N/A       99%         2
 Ensorcelled Hibernation  Hex/Ice        0%         N/A       99%         2
 Fugue of the Fallen      Necr           0%         N/A       100%        3
 Inner Flame              Hex/Fire       0%         N/A       100%        3
 Passwall                 Erth           0%         N/A       100%        3
 Swiftness                Air            0%         N/A       100%        3
 Volatile Blastmotes      Fire/Tloc      0%         2d10      100%        3
 Anguish                  Hex/Necr       0%         N/A       100%        4
 Animate Dead             Necr           0%         N/A       100%        4
 Dispel Undead            Necr           0%         3d6       100%        4
 Fulminant Prism          Conj/Alch      0%         3d5       100%        4
 Ignite Poison            Fire/Alch      0%         N/A       100%        4
 Iskenderun's Mystic Bla  Conj/Tloc      0%         2d3       100%        4
 Leda's Liquefaction      Alch/Erth      0%         N/A       100%        4
 Martyr's Knell           Necr/Summ      0%         N/A       100%        4
 Freezing Cloud           Conj/Ice/Air   0%         6-21      100%        5
 Irradiate                Conj/Alch      0%         3d11      100%        5
 Lee's Rapid Deconstruct  Erth           0%         3d4*      100%        5
 Bombard                  Conj/Erth      0%         9d1       100%        6
 Death Channel            Necr           0%         N/A       100%        6
 Ignition                 Fire           0%         3d3       100%        8
 Infestation              Necr           0%         N/A       100%        8
 Death's Door             Necr           0%         N/A       100%        9

Inventory:

Hand Weapons
 a - a +1 heavy flail (weapon)
 M - a +3 flail of protection
 U - the +4 broad axe "Koduqeac" {freeze, rPois Stlth+} rPois: It protects you from poison Stlth+: It makes you more stealthy.
Missiles
 F - 3 throwing nets {=f}
 O - 3 curare-tipped darts (quivered) {=f}
 V - 4 javelins
Armour
 h - a +1 cloak (worn)
 s - a +0 pair of gloves (worn)
 L - a +2 plate armour of cold resistance (worn)
 Q - a +0 kite shield of resistance (worn)
 W - the +2 pair of boots "Wyaxygao" (worn) {Will+ Int+5 Dex-4}

   Int+5:     It affects your intelligence (+5).
   Dex-4:     It affects your dexterity (-4).
   Will+:     It increases your willpower.
Jewellery
 j - a ring of flight
 z - the ring "Leudgh" (left hand) {^Drain rCorr Str+4 Dex+7}

   [ring of resist corrosion]

   Str+4:     It affects your strength (+4).
   Dex+7:     It affects your dexterity (+7).
   rCorr:     It protects you from acid and corrosion.
   ^Drain:    It drains your maximum health when unequipped.
 A - a +5 ring of evasion (right hand)
 C - an amulet of reflection (around neck)
 K - the ring "Wicerem" {^Drain rC+ Str+2 Dex+3}

   [ring of protection from cold]

   Str+2:     It affects your strength (+2).
   Dex+3:     It affects your dexterity (+3).
   rC+:       It protects you from cold.
   ^Drain:    It drains your maximum health when unequipped.
 N - a ring of fire
 S - the ring of Boadwoq {rPois Int+2}

   [ring of poison resistance]

   Int+2:     It affects your intelligence (+2).
   rPois:     It protects you from poison
 T - the amulet "Dite" {Faith rCorr Int+2}

   [amulet of faith]

   Faith:     It allows you to gain divine favour quickly.
   Int+2:     It affects your intelligence (+2).
   rCorr:     It protects you from acid and corrosion.
 Y - a +6 ring of strength
Wands
 g - a wand of charming (5)
 m - a wand of digging (6)
 y - a wand of roots (34)
 E - a wand of quicksilver (10)
 G - a wand of mindburst (26)
 R - a wand of flame (8)
Scrolls
 b - 3 scrolls of enchant weapon
 c - a scroll of poison {!r}
 f - a scroll of butterflies
 k - 4 scrolls of fog
 n - 2 scrolls of fear
 o - a scroll of noise {!r}
 q - 3 scrolls of vulnerability {!r}
 t - 4 scrolls of teleportation {@r4}
 v - 2 scrolls of blinking
 w - 3 scrolls of revelation
 H - a scroll of enchant armour
 J - 3 scrolls of brand weapon
Potions
 d - 5 potions of might
 e - 3 potions of curing {@q1}
 l - 3 potions of resistance
 p - 5 potions of haste {@q3}
 r - 5 potions of enlightenment
 u - 2 potions of magic
 B - 3 potions of cancellation
 D - a potion of mutation {unknown}
 I - 4 potions of attraction {!q}
 P - a potion of berserk rage {unknown}
Miscellaneous
 x - a tin of tremorstones (2/2)
 X - a phantom mirror

Dungeon Overview and Level Annotations

Branches:
Dungeon (15/15)            Temple (1/1) D:4            Lair (0/5) D:10
    Orc (0/2) D:10         Vaults (0/5) D:13         Depths (2/4) D:15
  Sewer (visited)          Bailey (visited)         Gauntlet (visited)

Altars:
Ashenzari
Cheibriados
Dithmenos
Elyvilon
Fedhas
Gozag
Hepliaklqana
Kikubaaqudgha
Makhleb
Nemelex Xobeh
Okawaru
Qazlal
Ru
Sif Muna
Trog
Uskayaw
Vehumet
Wu Jian
Xom
Yredelemnul
Zin
The Shining One

Shops:
D:11 [   D:12 (   D:13 *

Portals:
Hell: Depths:1
Pandemonium: Depths:1
Trove: D:13 (give +6 ice dragon scales)

Annotations:
D:10 exclusion: 2 downstairs
Depths:2 Saint Roka

.... ~~~.▒
~~~..▒▒ ▒▒▒▒
.~~.... ▒▒.(▒▒
▒......▒▒[..<▒▒
.▒.....▒...>..▒
.......▒'▒▒...▒
..▒.....▒H.▒▒
.....▒....C.▒▒
..........▒▒▒
.........C.▒▒
............▒
............▒
▒........▒..▒
▒▒.....▒....'...▒
...▒......▒..?▒


You could see a juggernaut and a frost giant.


Message History

Saint Roka roars a battlecry!
You hear a shout!
Unknown command.
Unknown command.
Unknown command.
Your surroundings suddenly seem different.
A spriggan defender comes into view.
It is wielding a +4 demon whip of electrocution.
Found a potion of heal wounds.
The spriggan defender shouts!
A vault guard comes into view. It is wielding a +1 battleaxe of venom.
Unknown command.
Unknown command.
As you read the scroll of teleportation {@r4}, it crumbles to dust.
You feel strangely unstable.
Unknown command.
Unknown command.
The spriggan defender misses you. You furiously retaliate!
You headbutt the spriggan defender.
The spriggan defender attacks as it pursues you!
You block the spriggan defender's attack.
The spriggan defender completely misses you.
Your surroundings suddenly seem different.
The frost giant shouts!
Unknown command.
Unknown command.
There is an open door, spattered with blood here.
Your attacks no longer feel as feeble.
The juggernaut hits you!!!
You die...

Action                     |  1- 3 |  4- 6 |  7- 9 | 10-12 | 13-15 || total
---------------------------+-------+-------+-------+-------+-------++-------
  Melee: Flail             |    58 |   156 |   370 |   496 |   635 ||  1715
         Headbutt          |     7 |    26 |    61 |   118 |   216 ||   428
         Unarmed           |       |       |       |     3 |       ||     3
  Throw: Dart              |       |       |       |     3 |     6 ||     9
 Invoke: Divine Shield     |       |       |       |       |     9 ||     9
         Summon Divine War |       |       |       |       |     3 ||     3
  Evoke: Wand              |       |       |       |       |     2 ||     2
    Use: Scroll            |       |       |    13 |     7 |     9 ||    29
         Potion            |       |       |       |     1 |     6 ||     7
 Armour: Scale mail        |    17 |       |       |       |       ||    17
         Fire dragon scale |     5 |   105 |     1 |       |       ||   111
         Plate armour      |       |       |   327 |   434 |   438 ||  1199
         Skin              |       |       |       |     5 |       ||     5
  Dodge: Dodged            |    27 |    77 |   132 |   194 |   238 ||   668
  Block: Buckler           |    10 |    32 |   131 |   166 |       ||   339
         Reflection        |       |       |     1 |    21 |    17 ||    39
         Kite shield       |       |       |       |   183 |   694 ||   877

Levels and vault maps discovered:
D:1:      dpeg_arrival_houses_and_road, layout_loops_ring,
          nicolae_ecumenical_snake_handling, hangedman_decor_slide_cut,
          minmay_rat_gold_closets
D:2:      layout_basic, serial_aquarium, aquarium_bridge_square
          [aquarium_subvault_bridge, aquarium_subvault_bridge,
          aquarium_subvault_balcony, aquarium_subvault_wall],
          aquarium_window_corridor_2, aquarium_window_2, aquarium_window_1,
          aquarium_window_fake, aquarium_view_2d, uniq_jessica
D:3:      layout_rooms, lemuel_doored_altar, xom_butterflies
D:4:      layout_cave_pools, mainiacjoe_overflow_small_starburst,
          minmay_temple_entry_large_hall, uniq_pikel, uniq_blork_the_orc,
          uniq_duvessa
D:5:      layout_basic, tgw_trog, cheibrodos_sewer_entry_drain,
          serial_library_hellmonk_secret_room, uniq_eustachio, uniq_menkaure,
          uniq_ijyb, uniq_prince_ribbit1
D:6:      layout_rooms, mainiacjoe_overflow_catwalk, minmay_misc_feat_alley
D:7:      layout_rooms, nicolae_the_louvre
D:8:      layout_basic, nicolae_qazlal_scattered_showers,
          mainiacjoe_overflow_surrounded_room, small_statue_intersection,
          minmay_three_doors
D:9:      layout_cave_pods, mainiacjoe_overflow_brackets,
          grunt_temple_overflow_cloverleaf, serial_glass, glass_columns_b,
          glass_columns_a
D:10:     layout_loops_corners, nicolae_tso_carved_into_rock,
          erik_lair_orcish_takeover, orc_0_dummy, enter_bailey_4, uniq_nergalle
D:11:     layout_stronghold, serial_shops, nicolae_shop_scrapyard,
          nicolae_vehumet_altar_sigil, uniq_maurice
D:12:     layout_basic, serial_shops, nicolae_shop_waterfront
D:13:     kennysheep_demon_hangout, layout_loops_ring,
          grunt_vaults_entry_tiered, serial_shops, shop, enter_trove_2,
          uniq_nessos, uniq_kirke
D:14:     layout_loops_ring, gauntlet_entry_generic, minmay_crystal_water,
          uniq_josephine
D:15:     grunt_enter_depths_hoard, layout_rooms, gammafunk_ghost_crypt,
          minmay_misc_feat_x, grunt_decor_cap, grunt_ministairs_2
Temple:   jpeg_temple_island
Depths:1: layout_long_grid, pf_coc_iceberg, ebering_ghost_inner_flame,
          nicolae_titane, pan_entry, evilmike_butchery
Depths:2: hangedman_spin_cycle, pan_entry, serial_shops, hell_entry

Notes
Turn   | Place    | Note
-------+----------+-------------------------------------------
     0 | D:1      | sanka the Minotaur Fighter began the quest for the Orb.
     0 | D:1      | Reached XP level 1. HP: 19/19 MP: 0/0
   109 | D:1      | Reached skill level 4 in Fighting
   139 | D:1      | Found a faded altar of an unknown god.
   145 | D:1      | Reached skill level 3 in Maces & Flails
   145 | D:1      | Reached XP level 2. HP: 27/27 MP: 1/1
   645 | D:1      | Reached skill level 4 in Maces & Flails
   645 | D:1      | Reached XP level 3. HP: 33/33 MP: 2/2
   872 | D:1      | Identified +0 fire dragon scales
  1327 | D:2      | Noticed Jessica
  1331 | D:2      | Killed Jessica
  1332 | D:2      | Reached skill level 5 in Maces & Flails
  1332 | D:2      | Reached XP level 4. HP: 40/40 MP: 3/3
  1918 | D:3      | Found a shimmering altar of Xom.
  2220 | D:3      | Found an ornate altar of the Wu Jian Council.
  2420 | D:4      | Found a staircase to the Ecumenical Temple.
  2433 | Temple   | Entered the Ecumenical Temple
  2497 | D:4      | Reached skill level 6 in Maces & Flails
  2521 | D:4      | Found a burning altar of Makhleb.
  2521 | D:4      | Noticed Blork the orc
  2545 | D:4      | Killed Blork the orc
  2546 | D:4      | Reached XP level 5. HP: 26/46 MP: 4/4
  2553 | D:4      | Reached skill level 7 in Maces & Flails
  2561 | D:4      | Reached XP level 6. HP: 27/52 MP: 5/5
  2712 | D:4      | Noticed Dowan
  2713 | D:4      | Noticed Duvessa
  2736 | D:4      | Killed Duvessa
  2737 | D:4      | Reached skill level 8 in Maces & Flails
  2748 | D:4      | Killed Dowan
  2973 | D:4      | Noticed an orc warrior
  2992 | D:4      | Noticed Pikel
  3007 | D:3      | HP: 5/52 [lemure[Pikel] (6)]
  3234 | D:4      | Killed an orc warrior
  3235 | D:4      | Reached skill level 9 in Maces & Flails
  3235 | D:4      | Reached XP level 7. HP: 24/59 MP: 6/6
  3487 | D:4      | Killed Pikel
  3488 | D:4      | Reached skill level 11 in Maces & Flails
  3488 | D:4      | Reached XP level 8. HP: 65/66 MP: 7/7
  3592 | D:5      | Entered Level 5 of the Dungeon
  3657 | D:5      | Noticed Eustachio
  3668 | D:5      | Killed Eustachio
  3669 | D:5      | Reached skill level 12 in Maces & Flails
  3683 | D:5      | Reached skill level 4 in Armour
  3687 | D:5      | Found a glowing drain.
  3700 | D:5      | Noticed Prince Ribbit
  3705 | Sewer    | Entered a sewer
  3987 | D:4      | Reached skill level 5 in Fighting
  4011 | D:5      | Killed Prince Ribbit
  4012 | D:5      | Reached skill level 5 in Armour
  4272 | D:5      | Reached skill level 6 in Fighting
  4382 | D:5      | Noticed Ijyb
  4386 | D:5      | Reached skill level 6 in Armour
  4404 | D:5      | Killed Ijyb
  4560 | D:5      | Noticed Menkaure
  4565 | D:5      | Killed Menkaure
  4566 | D:5      | Reached XP level 9. HP: 23/78 MP: 8/8
  4855 | D:5      | Noticed a moth of wrath
  4858 | D:5      | Found a bloodstained altar of Trog.
  5084 | D:6      | Reached skill level 7 in Fighting
  5088 | D:6      | Reached skill level 7 in Armour
  5340 | D:6      | Found a shadowy altar of Dithmenos.
  5467 | D:6      | Reached skill level 8 in Fighting
  5575 | D:7      | Reached skill level 8 in Armour
  5879 | D:7      | Reached skill level 9 in Fighting
  6054 | D:7      | Reached skill level 9 in Armour
  6416 | D:8      | Found a stormy altar of Qazlal.
  6473 | D:8      | Found an iron altar of Okawaru.
  6486 | D:8      | Noticed a two-headed ogre
  6496 | D:8      | Killed a two-headed ogre
  6497 | D:8      | Reached skill level 10 in Fighting
  6497 | D:8      | Reached skill level 10 in Armour
  6497 | D:8      | Reached XP level 10. HP: 65/93 MP: 9/9
  6717 | D:8      | Noticed a white ugly thing
  6722 | D:8      | Killed a white ugly thing
  7090 | D:9      | Reached skill level 11 in Fighting
  7155 | D:9      | Found a sacrificial altar of Ru.
  7203 | D:9      | Reached skill level 11 in Armour
  7392 | D:9      | Found a hide-covered altar of Uskayaw.
  7395 | D:9      | Found a hazy altar of Hepliaklqana.
  7398 | D:9      | Found an ancient bone altar of Kikubaaqudgha.
  7401 | D:9      | Found a broken altar of Ashenzari.
  7617 | D:9      | Reached skill level 12 in Fighting
  7778 | D:9      | Noticed a gargoyle
  7788 | D:9      | Killed a gargoyle
  7789 | D:9      | Reached skill level 12 in Armour
  8237 | D:10     | Entered Level 10 of the Dungeon
  8305 | D:10     | Noticed a two-headed ogre
  8321 | D:10     | Killed a two-headed ogre
  8322 | D:10     | Reached XP level 11. HP: 61/105 MP: 10/10
  8506 | D:10     | Found a flagged portal.
  8556 | Bailey   | Entered a bailey
  8899 | Bailey   | Found an iron altar of Okawaru.
  9073 | D:10     | Found a staircase to the Orcish Mines.
  9220 | D:10     | Reached skill level 13 in Fighting
  9323 | D:10     | Found a glowing golden altar of the Shining One.
  9399 | D:10     | Found a staircase to the Lair.
  9417 | D:10     | Reached skill level 13 in Armour
  9476 | D:10     | Became a worshipper of the Shining One
  9661 | D:10     | Noticed Nergalle
  9675 | D:10     | Killed Nergalle
 10303 | D:11     | Found a radiant altar of Vehumet.
 10323 | D:11     | Noticed a two-headed ogre
 10334 | D:11     | Killed a two-headed ogre
 10355 | D:11     | Noticed Maurice
 10378 | D:11     | Something stole an amulet of the acrobat
 10382 | D:11     | Killed Maurice
 10383 | D:11     | Reached skill level 14 in Fighting
 10513 | D:11     | Noticed a two-headed ogre
 10519 | D:11     | Reached skill level 14 in Armour
 10522 | D:11     | Killed a two-headed ogre
 10832 | D:11     | Found Veath's Antique Armour Shoppe.
 11020 | D:11     | Identified the +2 robe of Leip {+Blink rC++ Int-5 Archmagi}
 11200 | D:11     | Reached * piety under the Shining One
 11212 | D:11     | Reached XP level 12. HP: 115/118 MP: 11/11
 11693 | D:11     | Bought a runed kite shield for 195 gold pieces
 11693 | D:11     | Identified a +0 kite shield of resistance (You bought it in
                  | a shop on level 11 of the Dungeon)
 12265 | D:12     | Reached skill level 15 in Fighting
 12270 | D:12     | Reached skill level 15 in Armour
 12277 | D:12     | Reached skill level 4 in Shields
 12277 | D:12     | Reached skill level 1 in Invocations
 12418 | D:12     | Found Qotin's Antique Weapon Shop.
 12695 | D:13     | Found Fauruc's General Store.
 12705 | D:13     | Reached skill level 2 in Invocations
 12752 | D:13     | Reached ** piety under the Shining One
 12767 | D:13     | Reached skill level 5 in Shields
 12967 | D:13     | Reached skill level 3 in Invocations
 13107 | D:13     | Noticed Kirke
 13117 | D:13     | Reached skill level 6 in Shields
 13199 | D:13     | Noticed a vault guard
 13248 | D:12     | Reached skill level 4 in Invocations
 13273 | D:13     | Noticed Nessos
 13409 | D:13     | Noticed a centaur warrior
 13415 | D:13     | Killed a centaur warrior
 13416 | D:13     | Reached skill level 7 in Shields
 13491 | D:13     | Reached skill level 5 in Invocations
 13616 | D:13     | Found a portal to a secret trove of treasure.
 13616 | D:13     | Noticed a centaur warrior
 13622 | D:13     | Killed a centaur warrior
 13623 | D:13     | Reached skill level 8 in Shields
 13706 | D:13     | Reached *** piety under the Shining One
 13727 | D:13     | Noticed a boulder beetle
 13761 | D:13     | Killed a vault guard
 13762 | D:13     | Reached skill level 9 in Shields
 14236 | D:12     | Killed Kirke
 14237 | D:12     | Reached skill level 10 in Shields
 14342 | D:13     | Noticed a vault guard
 14349 | D:13     | Killed a vault guard
 14350 | D:13     | Reached skill level 11 in Shields
 14350 | D:13     | Reached XP level 13. HP: 126/126 MP: 15/15
 14384 | D:13     | Killed Nessos
 14439 | D:13     | Found a gate to the Vaults.
 14639 | D:14     | Reached skill level 12 in Shields
 14695 | D:14     | Noticed Josephine
 14704 | D:14     | Killed Josephine
 14725 | D:14     | Identified 2 potions of resistance
 14811 | D:14     | Found a gate leading to a gauntlet.
 14847 | D:14     | Reached skill level 13 in Shields
 14870 | Gauntlet | Entered a Gauntlet
 14870 | Gauntlet | Found a transporter.
 14870 | Gauntlet | Found a runed translucent gate.
 14870 | Gauntlet | Found a transporter.
 14916 | Gauntlet | Found a transporter.
 14920 | Gauntlet | Found a transporter.
 14928 | Gauntlet | Reached **** piety under the Shining One
 14929 | Gauntlet | Found a transporter.
 14932 | Gauntlet | Found a transporter.
 14940 | Gauntlet | Found a transporter.
 14960 | Gauntlet | Found a transporter.
 14977 | Gauntlet | Found a transporter.
 14982 | Gauntlet | Found a transporter.
 14984 | Gauntlet | Found a runed translucent door.
 14986 | Gauntlet | Found a runed translucent door.
 14990 | Gauntlet | Found a transporter.
 14994 | Gauntlet | Found a transporter.
 14996 | Gauntlet | Found a runed translucent gate.
 14996 | Gauntlet | Found a runed translucent gate.
 15058 | Gauntlet | Identified the ring "Leudgh" {^Drain rCorr Str+4 Dex+7}
 15104 | Gauntlet | Identified the ring "Wicerem" {^Drain rC+ Str+2 Dex+3}
 15329 | Gauntlet | Identified the amulet "Dite" {Faith rCorr Int+2}
 15349 | Gauntlet | Identified the +4 broad axe "Koduqeac" {freeze, rPois
                  | Stlth+}
 15349 | Gauntlet | Noticed a minotaur
 15368 | Gauntlet | Killed a minotaur
 15481 | Gauntlet | Identified the +0 scale mail "Zamedeoc" {rElec Str+3}
 15588 | D:14     | Reached skill level 14 in Shields
 15896 | D:14     | Reached skill level 15 in Shields
 15903 | D:14     | Reached skill level 1 in Dodging
 16095 | D:14     | Reached skill level 2 in Dodging
 16619 | D:15     | Entered Level 15 of the Dungeon
 16626 | D:15     | Identified the +3 leather armour of Filth {rN++ rCorr
                  | Int+2}
 16677 | D:15     | Reached ***** piety under the Shining One
 16694 | D:15     | Reached skill level 3 in Dodging
 16697 | D:15     | Reached skill level 6 in Invocations
 16722 | D:14     | Reached skill level 4 in Dodging
 17180 | D:15     | Reached skill level 5 in Dodging
 17258 | D:15     | Reached skill level 7 in Invocations
 17418 | D:15     | Found a staircase to the Depths.
 17477 | D:15     | Paralysed by an ogre mage for 4 turns
 17490 | D:15     | Reached XP level 14. HP: 119/135 MP: 18/18
 17503 | D:15     | Reached skill level 6 in Dodging
 17775 | D:15     | Reached skill level 8 in Invocations
 17799 | D:15     | Found a runed translucent gate.
 17799 | D:15     | Found a runed translucent gate.
 17868 | D:15     | Reached skill level 7 in Dodging
 17912 | D:15     | Found a runed translucent gate.
 17914 | D:15     | Found an ancient bone altar of Kikubaaqudgha.
 17914 | D:15     | Noticed a lich
 17914 | D:15     | Noticed a lich
 17914 | D:15     | Noticed a lich
 17914 | D:15     | Noticed a lich
 17915 | D:15     | Noticed Gilop's ghost (journeyman DsGl)
 18047 | D:15     | Killed a lich
 18049 | D:15     | Killed a lich
 18053 | D:15     | Killed a lich
 18054 | D:15     | Reached skill level 8 in Dodging
 18054 | D:15     | Reached skill level 9 in Invocations
 18057 | D:15     | Killed a lich
 18059 | D:15     | Killed Gilop's ghost
 18067 | D:15     | Identified the +2 pair of boots "Wyaxygao" {Will+ Int+5
                  | Dex-4}
 18115 | D:15     | Got Kikubaaqudgha's Incunabulum of Nightshade
 18120 | D:15     | Identified the ring of Boadwoq {rPois Int+2}
 18177 | Depths:1 | Entered Level 1 of the Depths
 18503 | Depths:1 | Found a one-way gate leading to the halls of Pandemonium.
 18503 | Depths:1 | Noticed a lich
 18513 | Depths:1 | Killed a lich
 18514 | Depths:1 | Reached skill level 9 in Dodging
 18532 | Depths:1 | Noticed a stone giant
 18543 | Depths:1 | Killed a stone giant
 18575 | Depths:1 | Reached skill level 10 in Invocations
 18733 | Depths:1 | Noticed a stone giant
 18749 | Depths:1 | Killed a stone giant
 18787 | Depths:1 | Reached skill level 10 in Dodging
 19331 | Depths:1 | Noticed a sphinx
 19353 | Depths:1 | Killed a sphinx
 19424 | Depths:1 | Noticed a cyan very ugly thing
 19426 | Depths:1 | Noticed a cyan very ugly thing
 19426 | Depths:1 | Noticed a cyan very ugly thing
 19448 | Depths:1 | Killed a cyan very ugly thing
 19449 | Depths:1 | Reached skill level 11 in Invocations
 19449 | Depths:1 | Reached XP level 15. HP: 113/141 MP: 19/22
 19767 | Depths:1 | Reached skill level 11 in Dodging
 19822 | Depths:1 | Found a gateway to Hell.
 20048 | Depths:1 | Found a runed translucent door.
 20048 | Depths:1 | Noticed Suckerboh's ghost (adept DgFi)
 20150 | Depths:1 | Killed Suckerboh's ghost
 20416 | Depths:1 | Identified the +0 chain mail "Poutuhis" {rC++ SInv}
 20457 | Depths:1 | Identified +0 ice dragon scales
 20536 | Depths:2 | Noticed a frost giant
 20536 | Depths:2 | Noticed a juggernaut
 20536 | Depths:2 | Noticed a fire giant
 20870 | Depths:2 | Noticed a walking divine tome
 20988 | Depths:2 | Reached skill level 12 in Invocations
 21092 | Depths:2 | Killed a walking divine tome
 21093 | Depths:2 | Reached skill level 12 in Dodging
 21289 | Depths:2 | Found a glowing silver altar of Zin.
 21290 | Depths:2 | Noticed a tengu reaver
 21302 | Depths:2 | Killed a tengu reaver
 21315 | Depths:2 | Noticed a fire giant
 21332 | Depths:2 | HP: 4/141 [fire giant/bolt of fire (15)]
 21333 | Depths:2 | The Shining One protects you from harm!
 21334 | Depths:2 | Killed a fire giant
 21339 | Depths:2 | Identified the ring of Deruario {rF+ Int+2}
 21339 | Depths:2 | Noticed Saint Roka
 21347 | Depths:2 | HP: 4/141 [Saint Roka/divine providence (11)]
 21359 | Depths:2 | Mangled by a juggernaut

Vanquished Creatures
  2 liches
  A walking divine tome (Depths:2)
  A sphinx (Depths:1)
  Kirke (D:12)
  3 stone giants (Depths:1)
  A vampire knight (Depths:1)
  3 very ugly things (Depths:1)
  A minotaur (Gauntlet)
  Nessos (D:13)
  4 spark wasps
  Josephine (D:14)
  2 ettins
  2 fire dragons
  A hydra (D:14)
  5 vault guards
  A salamander tyrant (Depths:2)
  An ogre mage (D:15)
  6 ice dragons
  2 spriggan air magi
  2 deep troll shamans
  7 two-headed ogres
  3 centaur warriors
  2 tengu warriors
  A boulder beetle (D:15)
  A hell hog (Gauntlet)
  A spriggan berserker (Depths:1)
  2 deep troll earth magi (Depths:1)
  An occultist (Depths:1)
  Nergalle (D:10)
  An iron troll (Depths:1)
  A glowing orange brain (Depths:1)
  2 deep trolls (Depths:1)
  Pikel (D:4)
  An arcanist (D:13)
  2 necromancers (D:13)
  5 manticores
  2 cyclopes
  27 ugly things
  Maurice (D:11)
  A guardian serpent (Depths:2)
  2 gargoyles
  2 kobold demonologists
  4 tengu conjurers
  A komodo dragon (D:13)
  An ice devil (Gauntlet)
  A red devil (D:13)
  A polar bear (shapeshifter) (D:14)
  7 trolls
  Prince Ribbit (D:5)
  13 slime creatures (D:14)
  2 glass eyes (Depths:2)
  A vampire (D:11)
  3 shadows
  3 wyverns (D:9)
  7 wraiths
  Eustachio (D:5)
  17 yaks
  6 hogs
  A ynoxinul (Gauntlet)
  A basilisk (D:14)
  A warg (D:10)
  3 fire bats (Gauntlet)
  2 steam dragons
  6 vampire mosquitoes
  17 humans (D:13)
  Menkaure (D:5)
  3 hell hounds (Gauntlet)
  An acid dragon (D:13)
  2 water moccasins
  Duvessa (D:4)
  3 black bears
  6 orc warriors
  2 laughing skulls (D:14)
  2 ogres (D:15)
  2 wolves (D:10)
  A boggart (D:8)
  16 centaurs
  3 lemures
  A phantom (D:5)
  2 bullfrogs
  13 kobold brigands
  Blork the orc (D:4)
  A scorpion (D:6)
  3 wights (D:9)
  Dowan (D:4)
  19 killer bees
  A howler monkey (D:6)
  A bombardier beetle (D:4)
  A crimson imp (D:13)
  7 hounds
  4 orc priests
  2 gnoll boudas (D:5)
  A jelly (D:4)
  2 iron imps (Gauntlet)
  Jessica (D:2)
  16 orc wizards
  Ijyb (D:5)
  2 iguanas
  3 sleepcaps
  10 gnolls (D:5)
  10 adders
  3 shadow imps
  5 white imps
  2 ufetubi (D:5)
  7 ribbon worms
  3 dart slugs
  41 orcs
  10 ball pythons
  2 bats (Sewer)
  4 endoplasms
  6 giant cockroaches
  5 goblins
  9 hobgoblins
  4 jackals (D:1)
  2 quokkas
  4 frilled lizards
  45 kobolds
  14 rats
520 creatures vanquished.

Vanquished Creatures (collateral kills)
  3 liches (D:15)
  The ghost of Suckerboh the Fighter, an adept DgFi (Depths:1)
  A fire giant (Depths:2)
  A stone giant (Depths:1)
  The ghost of Gilop the Carver, a journeyman DsGl of Okawaru (D:15)
  A spriggan air mage (Depths:1)
  2 salamanders (Depths:2)
  An orc priest (Depths:2)
11 creatures vanquished.

Vanquished Creatures (others)
  A tengu reaver (Depths:2)
  2 humans (D:13)
  A scorpion (D:7)
  An iguana (D:7)
  2 orcs (D:7)
7 creatures vanquished.

Grand Total: 538 creatures vanquished
